 Dungeon Crawl Stone Soup version 0.25-a0-435-g4b9beb1024 (webtiles) character file.

Game seed: 8310040634789253278, levelgen mode: deterministic

188 Eurus the Magician (level 5, 0/40 HPs)
             Began as a Mummy Conjurer on Jan 27, 2020.
             Slain by an orc priest
             ... wielding a +0 short sword
              (4 damage)
             ... on level 3 of the Dungeon.
             The game lasted 00:06:41 (2506 turns).

Eurus the Magician (Mummy Conjurer)                 Turns: 2506, Time: 00:06:42

Health: 0/40       AC:  3    Str: 11    XL:     5   Next: 39%
Magic:  1/11       EV: 12    Int: 15    God:
Gold:   50         SH:  0    Dex: 13    Spells: 10/13 levels left

rFire    x . .     SeeInvis .   d - +0 short sword
rCold    + . .     Gourm    .   (no shield)
rNeg     + + +     Faith    .   a - +0 robe
rPois    ∞         Spirit   .   (no helmet)
rElec    .         Reflect  .   (no cloak)
rCorr    .         Harm     .   e - +0 pair of gloves
MR       .....                  (no boots)
Stlth    ++........             (no amulet)
HPRegen  0.13/turn              (no ring)
MPRegen  0.12/turn              (no ring)

@: very slightly contaminated, slowed, very slow
A: no food or potions, fire vulnerability, cold resistance 1, negative energy
resistance 3, torment resistance, unbreathing
a: no special abilities


You were on level 3 of the Dungeon.
You were not hungry.

You visited 1 branch of the dungeon, and saw 3 of its levels.

You collected 50 gold pieces.

Inventory:

Hand Weapons
 d - a +0 short sword (weapon)
 j - a +4 dagger of speed
Armour
 a - a +0 robe (worn)
 e - a +0 pair of gloves (worn)
Jewellery
 c - an uncursed ring of protection from cold {unknown}
Scrolls
 f - a scroll of amnesia {unknown}
 g - a scroll of random uselessness {unknown}
 h - a scroll of remove curse {unknown}
 i - 2 scrolls of fear {unknown}


   Skills:
 + Level 2.8 Fighting
 - Level 1.5 Dodging
 - Level 1.5 Stealth
 + Level 4.5 Spellcasting
 + Level 4.1 Conjurations


You had 10 spell levels left.
You knew the following spells:

 Your Spells              Type           Power        Failure   Level  Hunger
a - Magic Dart            Conj           ###.         3%          1    N/A
b - Searing Ray           Conj           ###...       4%          2    N/A

Your spell library contained the following spells:

 Spells                   Type           Power        Failure   Level  Hunger
 Dazzling Flash           Conj/Hex       #.....       22%         3    N/A
 Fulminant Prism          Conj/Hex       #.........   58%         4    N/A
 Iskenderun's Mystic Bla  Conj/Tloc      #.......     58%         4    N/A

Dungeon Overview and Level Annotations

Branches:
Dungeon (3/15)

Altars:
Sif Muna

Annotations:
D:2 Sigmund


Innate Abilities, Weirdness & Mutations

You do not eat or drink.
Your flesh is vulnerable to fire.
You are immune to poison.
Your flesh is cold resistant. (rC+)
You are immune to negative energy. (rN+++)
You are immune to unholy pain and torment.
You can survive without breathing.


Message History

The orc wizard casts a spell at you.
You feel yourself slow down.
Casting: Searing Ray (safe; 4% risk of failure)
Confirm with . or Enter, or press ? or * to list all spells.
You don't have enough magic to cast that spell.
Unknown command.
As you read the scroll labeled HINAWKO DUFEF, it crumbles to dust.
The scroll dissolves into smoke.
It was a scroll of fog.
The orc priest calls down the wrath of Beogh upon you.
Beogh smites you!
* * * LOW HITPOINT WARNING * * *
The orc wizard barely misses you.
Okay, then.
The orc wizard closely misses you.
The orc priest hits you with a +0 short sword.
* * * LOW HITPOINT WARNING * * *
The orc wizard casts a spell.
The orc wizard blinks!
The orc priest hits you with a +0 short sword.
You die...

#.#
##..
..#
#§#
#§####
#§)§.#
#o##<#
#o##.#
#@##.#
#.##..
#.####
#..
###


You could see an orc priest and an orc wizard.

Vanquished Creatures
  An orc priest (D:3)
  Jessica (D:2)
  2 orc wizards (D:3)
  2 adders (D:2)
  A worm (D:2)
  4 leopard geckos
  2 ball pythons
  7 bats
  A giant cockroach (D:1)
  3 goblins
  5 hobgoblins
  9 jackals
  A quokka (D:2)
  6 frilled lizards
  8 kobolds
  A rat (D:1)
54 creatures vanquished.

Notes
Turn   | Place    | Note
-------+----------+-------------------------------------------
     0 | D:1      | Eurus the Mummy Conjurer began the quest for the Orb.
     0 | D:1      | Reached XP level 1. HP: 13/13 MP: 4/4
   269 | D:1      | Reached XP level 2. HP: 20/20 MP: 3/6
   278 | D:1      | Learned a level 2 spell: Searing Ray
   630 | D:1      | Reached skill level 1 in Fighting
  1143 | D:1      | Reached XP level 3. HP: 26/26 MP: 3/7
  1769 | D:2      | Found a shimmering blue altar of Sif Muna.
  1906 | D:2      | Noticed Sigmund
  2138 | D:2      | Noticed Jessica
  2153 | D:2      | Killed Jessica
  2153 | D:2      | Reached XP level 4. HP: 33/33 MP: 5/10
  2492 | D:3      | Reached XP level 5. HP: 35/39 MP: 7/11
  2506 | D:3      | Slain by an orc priest

Levels and vault maps discovered:
D:1:      matt_arrival_los_fun, layout_basic
D:2:      layout_rooms, led_sif_pool, minmay_quantized, uniq_sigmund,
          uniq_jessica
D:3:      layout_loops_ring, serial_forest, infiniplex_forest_lined_room_,
          infiniplex_forest_lined_room_2, infiniplex_forest_lined_corner,
          infiniplex_forest_clump_diagonal, infiniplex_forest_lined_4_way,
          uniq_ijyb

Skill      XL: |  1  2  3  4 |
---------------+-------------+-----
Spellcasting   | 3 4 |  4.5
Fighting       | 1 2 |  2.8
Conjurations   | 4 |  4.1
Dodging        | |  1.5
Stealth        | |  1.5

Action                   |  1- 3 |  4- 6 || total
-------------------------+-------+-------++-------
Melee: Short sword       |    14 |     4 ||    18
 Cast: Magic Dart        |    96 |    11 ||   107
       Searing Ray       |     2 |     3 ||     5
  Use: Scroll            |       |     1 ||     1
 Stab: Sleeping          |       |     1 ||     1
Armor: Robe              |     9 |       ||     9
Dodge: Dodged            |    38 |     5 ||    43

Table legend:
 A = Non-vault XP
 B = Vault XP
 C = Vault XP percentage of total XP
 D = Non-vault monster count
 E = Vault monster count
 F = Vault count percentage of total count
                 A         B        C        D         E       F
            +---------+---------+-------+---------+---------+-------
      Total |     226 |      43 |  16.0 |      51 |       3 |   5.6
            +---------+---------+-------+---------+---------+-------
        D:1 |      53 |       0 |   0.0 |      29 |       0 |   0.0
        D:2 |      55 |      43 |  43.9 |      19 |       3 |  13.6
        D:3 |     118 |       0 |   0.0 |       3 |       0 |   0.0
            +---------+---------+-------+---------+---------+-------
